 Dungeon Crawl Stone Soup version 0.29-a0-553-g81b289dbe5 (webtiles) character file.

Game seed: 7403282481618785109

6041 brmiller01 the Grappler (level 10, -3/156 HPs)
             Began as a Troll Berserker on June 6, 2022.
             Was an Elder of Trog.
             Slain by a yak (9 damage)
             ... on level 9 of the Dungeon.
             The game lasted 00:17:42 (8134 turns).

brmiller01 the Grappler (Troll Berserker)           Turns: 8134, Time: 00:17:42

Health: -3/156     AC:  6    Str: 31    XL:     10   Next: 56%
Magic:  9/9        EV:  8    Int:  3    God:    Trog [****..]
Gold:   291        SH:  8    Dex:  9    Spells: 9/9 levels left

rFire   + . .      SeeInvis .     - Unarmed
rCold   x . .      Faith    .   D - +0 kite shield
rNeg    . . .      Spirit   .   a - +1 animal skin
rPois   .          Reflect  .   (helmet restricted)
rElec   .          Harm     .   B - +0 cloak
rCorr   .          Rampage  .   (gloves unavailable)
Will    .....                   (boots unavailable)
Stlth   ..........              w - amulet of regeneration
HPRegen 1.96/turn               g - +4 ring of slaying
MPRegen 0.11/turn               u - ring of fire

@: berserking (expiring), very quick
A: large, unfitting armour, claws 3, regeneration 1, shaggy fur 1, tough skin 1
a: Renounce Religion, Berserk, Trog's Hand, Brothers in Arms


You were on level 9 of the Dungeon.
You worshipped Trog.
Trog was greatly pleased with you.
You visited 2 branches of the dungeon, and saw 10 of its levels.

You collected 483 gold pieces.
You spent 192 gold pieces at shops.

Inventory:

Missiles
 b - 198 stones (quivered)
 e - 3 javelins
 q - 6 curare-tipped darts
 s - 24 poisoned darts
 y - 3 boomerangs
Armour
 a - a +1 animal skin (worn)
 B - a +0 cloak (worn)
 D - a +0 kite shield (worn)
Jewellery
 g - a +4 ring of slaying (left claw)
 u - a ring of fire (right claw)
 w - an amulet of regeneration (around neck)
Wands
 j - a wand of mindburst (12)
 x - a wand of paralysis (9)
 C - a wand of iceblast (8)
Scrolls
 h - a scroll of blinking
 r - a scroll of teleportation
 v - a scroll of fog
 E - 3 scrolls of magic mapping
Potions
 d - 2 potions of flight
 f - 10 potions of curing
 i - 7 potions of heal wounds
 k - a potion of haste
 l - a potion of ambrosia
 m - a potion of berserk rage
 n - 4 potions of lignification
 p - a potion of mutation
 t - a potion of attraction
 z - a potion of degeneration
 A - a potion of might


   Skills:
 + Level 7.9 Fighting
 + Level 6.4 Throwing
 - Level 2.4 Dodging
 * Level 6.2 Shields
 + Level 9.4 Unarmed Combat


You had 9 spell levels left.
You didn't know any spells.
Your spell library was empty.

Dungeon Overview and Level Annotations

Branches:
Dungeon (9/15)             Temple (1/1) D:7             Orc (0/2) D:9
   Lair: D:8-11

Altars:
Ashenzari
Cheibriados
Dithmenos
Elyvilon
Fedhas
Gozag
Hepliaklqana
Kikubaaqudgha
Makhleb
Nemelex Xobeh
Okawaru
Qazlal
Ru
Sif Muna
Uskayaw
Vehumet
Wu Jian
Xom
Zin
The Shining One

Shops:
D:4 !   D:5 (

Annotations:
D:3 1 runed translucent door
D:6 2 transporters, siradein's ghost, novice DsNe


Innate Abilities, Weirdness & Mutations

You are too large for most types of armour.
You have claws for hands.
Your natural rate of healing is unusually fast.
You are covered in fur. (AC +1)
You have tough skin. (AC +1)


Message History

You block the yak's attack. x2; The yak closely misses you.
You claw the gnoll!
The gnoll is almost dead.
You barely miss the gnoll.
The gnoll is almost dead.
You block the gnoll's attack.
The gnoll hits you from afar with a +0 spear.
The yak gores you. You block the yak's attack. The yak gores you.
* * * LOW HITPOINT WARNING * * *
The gnoll hits you with a +0 whip.
* * * LOW HITPOINT WARNING * * *
You closely miss the gnoll.
The gnoll is almost dead.
The gnoll barely misses you. The gnoll hits you with a +0 club.
* * * LOW HITPOINT WARNING * * *
The yak gores you.
* * * LOW HITPOINT WARNING * * *
The yak barely misses you. The yak gores you!
* * * LOW HITPOINT WARNING * * *
You block the gnoll's attack.
You barely miss the gnoll.
The gnoll is almost dead.
You closely miss the gnoll.
The gnoll is almost dead.
The gnoll hits you with a +0 club.
* * * LOW HITPOINT WARNING * * *
You block the yak's attack. The yak completely misses you.
The gnoll hits you but does no damage. The yak gores you!
* * * LOW HITPOINT WARNING * * *
You block the gnoll's attack.
You mangle the gnoll!!
You kill the gnoll!
Trog accepts your kill.
You mangle the gnoll!!
You kill the gnoll!
Trog accepts your kill.
The gnoll hits you from afar with a +0 spear.
* * * LOW HITPOINT WARNING * * *
The yak gores you!
You die...

........## ##.:......
#####....###.......... #
#.....#..........# #
#...............## . #
#................## ..
#####.................#...
..........................
...............)Y).....>..
...............Y@Yg.......
.............#####Y.......
.............# #........
.............# #........
......†......# #........
#............# #........
##............. .........
############## #########


You could see 4 yaks and a gnoll.

Vanquished Creatures
  A boulder beetle (D:8)
  Prince Ribbit (D:6)
  2 wyverns (D:9)
  14 yaks
  2 acid dragons (D:8)
  2 orc warriors
  2 black bears
  A centaur (D:8)
  3 phantoms
  3 kobold brigands
  3 bullfrogs
  A necrophage (D:6)
  2 gnoll sergeants
  A scorpion (D:4)
  6 wights
  10 killer bees
  The ghost of shadowstone the Skirmisher, a weakling GrFi of Kikubaaqudgha (D:3)
  2 hounds (D:5)
  Crazy Yiuf (D:6)
  A gnoll shaman (D:9)
  2 orc priests (D:8)
  3 iguanas
  5 orc wizards
  14 gnolls
  6 adders
  A shadow imp (D:7)
  2 white imps
  2 ufetubi (D:6)
  2 worms
  3 dart slugs
  15 orcs
  3 ball pythons
  3 endoplasms
  5 giant cockroaches
  6 goblins
  8 hobgoblins
  3 jackals (D:1)
  4 quokkas
  12 bats
  3 frilled lizards
  16 kobolds
  5 rats
182 creatures vanquished.

Notes
Turn   | Place    | Note
-------+----------+-------------------------------------------
     0 | D:1      | brmiller01 the Troll Berserker began the quest for the Orb.
     0 | D:1      | Reached XP level 1. HP: 22/22 MP: 0/0
    61 | D:1      | Found a faded altar of an unknown god.
   100 | D:1      | Reached XP level 2. HP: 29/29 MP: 1/1
   607 | D:2      | Reached ** piety under Trog
   716 | D:2      | Reached XP level 3. HP: 36/36 MP: 2/2
   861 | D:2      | Reached skill level 1 in Throwing
   990 | D:2      | Found an iron altar of Okawaru.
  1393 | D:3      | Found a runed translucent door.
  1394 | D:3      | Noticed shadowstone's ghost (weakling GrFi)
  1411 | D:3      | Killed shadowstone's ghost
  1412 | D:3      | Reached skill level 4 in Unarmed Combat
  1412 | D:3      | Reached XP level 4. HP: 45/45 MP: 3/3
  1415 | D:3      | Found a runed translucent door.
  1561 | D:3      | Found a burning altar of Makhleb.
  1561 | D:3      | Noticed a green death
  1790 | D:3      | You fall into a shaft and drop 3 floors!
  1810 | D:5      | Entered Level 5 of the Dungeon
  1879 | D:4      | Reached XP level 5. HP: 25/53 MP: 4/4
  2397 | D:4      | Reached *** piety under Trog
  3017 | D:4      | Found a blossoming altar of Fedhas.
  3095 | D:4      | Found Heirahe Lusch's Distillery.
  3107 | D:4      | Reached XP level 6. HP: 38/62 MP: 5/5
  3134 | D:4      | Bought a potion of might for 52 gold pieces
  3134 | D:4      | Bought a potion of heal wounds for 65 gold pieces
  3134 | D:4      | Bought a potion of curing for 39 gold pieces
  3427 | D:5      | Reached skill level 5 in Unarmed Combat
  3940 | D:5      | Found Reluff's Weapon Boutique.
  3945 | D:5      | Bought 5 curare-tipped darts for 36 gold pieces
  4288 | D:6      | Reached XP level 7. HP: 67/71 MP: 6/6
  4305 | D:6      | Noticed Prince Ribbit
  4331 | D:6      | Killed Prince Ribbit
  4332 | D:6      | Reached skill level 5 in Fighting
  4332 | D:6      | Reached skill level 6 in Unarmed Combat
  4406 | D:6      | Found a runed translucent door.
  4407 | D:6      | Noticed Crazy Yiuf
  4413 | D:6      | Killed Crazy Yiuf
  4732 | D:6      | Reached XP level 8. HP: 81/81 MP: 7/7
  5028 | D:6      | Reached skill level 7 in Unarmed Combat
  5361 | D:6      | Noticed siradein's ghost (novice DsNe)
  5361 | D:6      | Noticed a two-headed ogre
  5362 | D:6      | Found a transporter.
  5404 | D:6      | Found a transporter.
  5790 | D:7      | Found a staircase to the Ecumenical Temple.
  5923 | D:7      | Reached **** piety under Trog
  6032 | D:7      | Reached skill level 8 in Unarmed Combat
  6437 | Temple   | Entered the Ecumenical Temple
  6647 | D:8      | Reached XP level 9. HP: 92/92 MP: 8/8
  6651 | D:8      | Reached skill level 1 in Shields
  7021 | D:8      | Reached skill level 5 in Throwing
  7202 | D:8      | Noticed a boulder beetle
  7221 | D:8      | Killed a boulder beetle
  7222 | D:8      | Reached XP level 10. HP: 79/102 MP: 9/9
  7390 | D:8      | Reached skill level 9 in Unarmed Combat
  7627 | D:8      | Reached skill level 5 in Shields
  8109 | D:9      | Found a staircase to the Orcish Mines.
  8134 | D:9      | HP: 6/156 [gnoll/+0 spear[a gnoll shaman] (4)]
  8134 | D:9      | Slain by a yak

Illustrated notes

Levels and vault maps discovered:
D:1:      lemuel_arrival_broad_hall, layout_basic,
          nicolae_ecumenical_lake_church, grunt_decor_mini_mirrors
D:2:      layout_basic, basic_altar
D:3:      layout_basic, makhleb_altar_promises_db, ebering_ghost_sewer_f
D:4:      layout_layer_cave, fedhas_altar_fruit_tree, kennysheep_small_square
D:5:      layout_loops_corners, serial_shops, kennysheep_little_box
D:6:      cheibrodos_thug_alley, layout_layer_cave, gammafunk_ghost_smash,
          uniq_crazy_yiuf_cottage, uniq_prince_ribbit1
D:7:      layout_loops_ring, temple_doors_e, nicolae_figureground_sparkle
D:8:      layout_basic
D:9:      layout_big_octagon, erik_lair_dragon, orc_0_dummy,
          dreamdust_princess_bridge
Temple:   compressed_dpeg_circular_temple

Skill      XL: |  1  2  3  4  5  6  7  8  9 10 |
---------------+-------------------------------+-----
Throwing       | 1 2 3 4 5 6 |  6.4
Fighting       | 3 4 5 6 7 |  7.9
Unarmed Combat | 4 5 6 8 9 |  9.4
Shields        | 4 6 |  6.2
Dodging        | |  2.4

Action                   |  1- 3 |  4- 6 |  7- 9 | 10-12 || total
-------------------------+-------+-------+-------+-------++-------
Melee: Unarmed           |    96 |    94 |   151 |   100 ||   441
       Punch             |     1 |       |     2 |       ||     3
Throw: Stone             |    47 |    53 |   111 |    15 ||   226
       Dart              |       |       |       |     1 ||     1
Invok: Berserk           |     1 |     1 |     4 |     1 ||     7
  Use: Scroll            |       |    10 |     6 |     5 ||    21
 Stab: Sleeping          |     1 |       |       |       ||     1
Armor: Animal skin       |    36 |    32 |    19 |    30 ||   117
Dodge: Dodged            |    53 |    46 |    49 |    37 ||   185
Block: Kite shield       |       |       |    21 |    45 ||    66

Table legend: (Time is in decaauts)
 A = Elapsed time spent in this place.
 B = Non-inter-level travel time spent in this place.
 C = Inter-level travel time spent in this place.
 D = Time resting spent in this place.
 E = Time spent auto-exploring this place.
 F = Levels seen in this place.
 G = Mean time per level.
                   A        B        C        D        E       F      G
               +--------+--------+--------+--------+--------+-----+--------+
         Total |   8179 |   7769 |    410 |    342 |   6042 |  10 |  817.9 |
       Dungeon |   8040 |   7669 |    371 |    342 |   5965 |   9 |  893.3 |
        Temple |    139 |    101 |     38 |      0 |     77 |   1 |  139.0 |
               +--------+--------+--------+--------+--------+-----+--------+

Top non-repeatable levels by time:
     D:6: 1499 daAuts
     D:4: 1357 daAuts
     D:8: 1190 daAuts
     D:5: 953 daAuts
     D:7: 814 daAuts
     D:2: 690 daAuts
     D:3: 672 daAuts
     D:1: 597 daAuts
     D:9: 264 daAuts
  Temple: 139 daAuts
